AoeStats
← lealealealeal

Enclosed

504881663Analyzed
1v1 RM · 2mo ago on Sep 6, 2026· 30m 50s· 2 players
Game mode
Random Map
Map size
Tiny (2 player)
Population
200
Speed
Normal
Resources
Standard
Victory
Conquest
Starting age
Dark Age
Ending age
Imperial Age
RankedLock teamsTeams togetherTeam positionsShared explorationLock speedFull tech treeHidden civsTurbo modeCheats
Victory
Defeat
🇧🇷 Romans · Brazil
912
+16
vs
🇹🇷 Dravidians · Türkiye
917
-16
lealealealeal
4:52 Loom
10:08 Feudal Age
14:51 Castle Age
15:51 Double-Bit Axe
16:02 Gold Mining
24:24 Redemption
MzSahin
9:27 Loom
11:13 Feudal Age
12:26 Gold Mining
12:36 Double-Bit Axe
13:54 Horse Collar
18:03 Castle Age
16:31 Fletching
17:29 Padded Archer Armor
19:04 Bow Saw
19:13 Heavy Plow
27:15 Bodkin Arrow
27:35 Leather Archer Armor
Connection lost

Rejoining the realm…

Still unreachable

The connection could not be restored.

Session expired

The server has moved on; the page needs a fresh start.